 Dungeon Crawl Stone Soup version 0.23-a0-126-g19e28b46dc (webtiles) character file.

170 Kolash the Vexing (level 5, 0/24 HPs)
             Began as a Spriggan Enchanter on Aug 26, 2018.
             Slain by a gnoll
             ... wielding a +0 dagger of draining
              (4 damage)
             ... on level 3 of the Dungeon.
             The game lasted 00:08:42 (3464 turns).

Kolash the Vexing (Spriggan Enchanter)              Turns: 3464, Time: 00:08:43

Health: 0/24       AC:  2    Str:  4    XL:     5   Next: 25%
Magic:  6/13       EV: 18    Int: 18    God:
Gold:   118        SH:  0    Dex: 16    Spells: 4/13 levels left

rFire    . . .     SeeInvis +   a - +1 dagger
rCold    . . .     Gourm    .   (shield restricted)
rNeg     . . .     Faith    .   b - +0 robe
rPois    .         Spirit   .   (helmet restricted)
rElec    .         Reflect  .   (no cloak)
rCorr    .         Harm     .   (gloves unavailable)
MR       .....                  (boots unavailable)
Stlth    +++.......             (no amulet)
HPRegen  0.08/turn              (no ring)
MPRegen  0.13/turn              (no ring)

@: drained, very quick
A: very small, unfitting armour, see invisible, herbivore, speed 3, slow
metabolism 2
a: no special abilities


You were on level 3 of the Dungeon.
You were not hungry.

You visited 1 branch of the dungeon, and saw 3 of its levels.

You collected 118 gold pieces.

Inventory:

Hand Weapons
 a - a +1 dagger (weapon)
Armour
 b - a +0 robe (worn)
Potions
 c - a potion of invisibility
 e - a potion of resistance
 f - a potion of curing {unknown}
 g - a potion of might {unknown}
 h - a potion of haste {unknown}
Comestibles
 d - 4 rations


   Skills:
 - Level 1.1(0.8) Short Blades
 - Level 3.0(2.7) Dodging
 + Level 5.4(5.1) Stealth
 - Level 4.8(4.5) Spellcasting
 - Level 5.4(5.1) Hexes


You had 4 spell levels left.
You knew the following spells:

 Your Spells              Type           Power        Failure   Level  Hunger
a - Ensorcelled Hibernat  Hex/Ice        ##....       8%          2    #......
b - Corona                Hex            ###....      1%          1    None
c - Confuse               Hex            ###.....     4%          3    ###....
d - Tukima's Dance        Hex            ###.....     4%          3    ###....

Your spell library contained the following spells:

 Spells                   Type           Power        Failure   Level  Hunger
 Dazzling Spray           Conj/Hex       ##....       14%         3    ###....


Dungeon Overview and Level Annotations

Branches:
Dungeon (3/15)

Altars:
Gozag
Trog
Xom


Innate Abilities, Weirdness & Mutations

You are very small and have problems with some larger weapons.
You are too small for most types of armour.
You have supernaturally acute eyesight. (SInv)
You are a herbivore.
You cover ground extremely quickly.
You need to consume almost no food.


Message History

The gnoll closely misses you.
Found 12 arrows.
You start resting.
The gnoll is too close now for your liking.
A gnoll is nearby!
Casting: Ensorcelled Hibernation (safe; 7% risk of failure)
Confirm with . or Enter, or press ? or * to list all spells.
Aiming: Ensorcelled Hibernation (safe; 7% risk of failure)
Press: ? - help, Shift-Dir - straight line, f - you
Okay, then.
Casting: Ensorcelled Hibernation (safe; 7% risk of failure)
Confirm with . or Enter, or press ? or * to list all spells.
Aiming: Confuse (safe; 4% risk of failure)
Press: ? - help, Shift-Dir - straight line, f - gnoll
Aim: a gnoll, wielding a dagger of draining (chance to defeat MR: 62%)
The gnoll resists with significant effort.
The gnoll hits you with a dagger of draining!
* * * LOW HITPOINT WARNING * * *
You feel drained.
You die...

## ###
#...###g##
#(..@#.##
#...#.###.##
## #.# ##.#
#.. ##.g#
#.#.#.#.#
#......g##
........g####
.........)..#
###
.....>...##.#
#..


You could see a gnoll.

Vanquished Creatures
  A worker ant (D:2)
  5 gnolls
  3 adders (D:2)
  An ooze (D:2)
  A worm (D:2)
  A dart slug (D:3)
  3 leopard geckos
  5 orcs
  A ball python (D:3)
  4 bats
  2 giant cockroaches
  4 hobgoblins
  8 jackals
  3 quokkas
  6 frilled lizards
  2 goblins
  A kobold (D:2)
  5 rats
56 creatures vanquished.

Notes
Turn   | Place    | Note
-------+----------+-------------------------------------------
     0 | D:1      | Kolash the Spriggan Enchanter began the quest for the Orb.
     0 | D:1      | Reached XP level 1. HP: 9/9 MP: 5/5
   939 | D:1      | Reached XP level 2. HP: 13/13 MP: 7/7
   944 | D:1      | Learned a level 2 spell: Ensorcelled Hibernation
  1435 | D:2      | Found a bloodstained altar of Trog.
  1475 | D:2      | Reached XP level 3. HP: 15/16 MP: 6/9
  1480 | D:2      | Learned a level 3 spell: Confuse
  1484 | D:2      | Learned a level 3 spell: Tukima's Dance
  1985 | D:2      | Reached skill level 5 in Hexes
  1985 | D:2      | Reached XP level 4. HP: 21/21 MP: 8/11
  2434 | D:2      | Found an opulent altar of Gozag.
  2568 | D:2      | Found a shimmering altar of Xom.
  2706 | D:3      | Reached XP level 5. HP: 21/24 MP: 0/13
  3173 | D:3      | Reached skill level 5 in Stealth
  3464 | D:3      | Slain by a gnoll

Vault maps used:
D:1:      minmay_arrival_doors
D:2:      grunt_gozag_breadcrumbs, marbit_many_paths, lightli_temple_of_fire
D:3:      first_ration

Skill      XL: |  1  2  3  4  5 |
---------------+----------------+-----
Spellcasting   | 3 4 |  4.8
Hexes          | 4 5 |  5.4
Stealth        | 5 |  5.4
Short Blades   | |  1.1
Dodging        | |  3.0

Action                   |  1- 3 |  4- 6 || total
-------------------------+-------+-------++-------
Melee: Dagger            |   148 |    66 ||   214
 Cast: Corona            |     5 |       ||     5
       Ensorcelled Hiber |    17 |    32 ||    49
       Confuse           |       |     1 ||     1
  Use: Potion            |     5 |       ||     5
 Stab: Sleeping          |    14 |    24 ||    38
       Distracted        |     2 |       ||     2
       Invisible         |     1 |       ||     1
  Eat: Ration            |       |     1 ||     1
Armor: Robe              |    21 |     3 ||    24
       Skin              |    25 |       ||    25
Dodge: Dodged            |   157 |    69 ||   226

Table legend:
 A = Non-vault XP
 B = Vault XP
 C = Vault XP percentage of total XP
 D = Non-vault monster count
 E = Vault monster count
 F = Vault count percentage of total count
                 A         B        C        D         E       F
            +---------+---------+-------+---------+---------+-------
      Total |     240 |       3 |   1.2 |      55 |       1 |   1.8
            +---------+---------+-------+---------+---------+-------
        D:1 |      14 |       0 |   0.0 |      10 |       0 |   0.0
        D:2 |     175 |       3 |   1.7 |      29 |       1 |   3.3
        D:3 |      51 |       0 |   0.0 |      16 |       0 |   0.0
            +---------+---------+-------+---------+---------+-------
